Map: Dusk Towers

Players

IlIlIIlIIlIl

  • Race: Terran Terran
  • League: Master

Miszu - Winner!

  • Race: Terran Terran
  • League: Master

VOD

Have the link to the VOD?

Description

Time

  • Played on: April 19, 2016, 2:01 p.m.
  • Length: 13:10
Show
View Real Time Build Order
Export as new Build Order

IlIlIIlIIlIl Terran 

Build Orders: Reaper Expand, Bio Tank 

Get SALT Encoding   

  12  0:01  SCV  
  13  0:14  SCV  
  14  0:18  Supply Depot  
  14  0:26  SCV  
  15  0:39  SCV  
  15  0:41  Barracks  
  16  0:43  Refinery  
  16  0:51  SCV  
  17  1:04  SCV  
  18  1:16  SCV  
  19  1:28  Reaper, Orbital Command  
  20  1:40  Command Center  
  20  1:50  Supply Depot  
  20  1:55  SCV  
  20  2:00  Marine  
  22  2:05  Factory  
  22  2:09  SCV  
  22  2:14  Refinery  
  23  2:18  Marine  
  23  2:21  SCV  
  25  2:33  SCV  
  25  2:36  Barracks Reactor  
  26  2:45  SCV  
  26  2:49  Starport  
  27  2:52  Orbital Command  
  27  2:55  Widow Mine  
  27  2:57  SCV  
  30  3:09  SCV  
  31  3:17  Marine x2  
  31  3:18  SCV  
  33  3:21  SCV  
  34  3:27  Medivac  
  34  3:28  Supply Depot  
  34  3:29  Factory Tech Lab  
  34  3:30  SCV  
  34  3:32  Supply Depot  
  34  3:33  SCV  
  38  3:35  Marine x2  
  40  3:41  Refinery  
  40  3:42  SCV  
  40  3:46  SCV  
  42  3:48  Siege Tank  
  42  3:55  Marine x2, SCV  
  46  3:58  SCV  
  46  3:59  Viking  
  51  4:07  SCV  
  52  4:10  SCV  
  53  4:17  Command Center  
  53  4:20  SCV  
  53  4:22  SCV  
  53  4:23  Marine x2  
  57  4:32  SCV  
  57  4:34  SCV  
  58  4:41  Marine x2  
  49  4:55  Viking  
  49  4:59  Marine x2  
  50  5:05  SCV x2  
  45  5:12  Refinery  
  41  5:17  SCV  
  41  5:18  SCV  
  41  5:20  Siege Tank  
  46  5:30  SCV x2  
  46  5:31  Orbital Command  
  48  5:42  SCV x2  
  50  5:43  Barracks Tech Lab, Medivac x2  
  54  5:54  SCV x2  
  54  5:56  Barracks  
  54  5:57  SCV  
  57  5:59  Barracks  
  57  6:03  Stimpack  
  57  6:06  SCV x2  
  59  6:12  Marine, Siege Tank  
  59  6:13  SCV  
  59  6:18  SCV  
  65  6:20  SCV  
  66  6:25  SCV  
  66  6:27  Engineering Bay  
  66  6:30  Marine  
  68  6:33  SCV x2  
  68  6:38  SCV  
  71  6:45  SCV  
  72  6:48  Marine  
  73  6:58  Orbital Command  
  73  6:59  Barracks Reactor, Barracks Tech Lab, Siege Tank  
  76  7:02  SCV  
  76  7:04  Barracks  
  76  7:05  SCV  
  76  7:06  Barracks  
  76  7:07  Marine  
  72  7:23  SCV x3  
  72  7:25  Marine  
  72  7:28  Marine, Combat Shields  
  77  7:32  Terran Infantry Weapons Level 1, Missile Turret  
  77  7:33  Missile Turret  
  77  7:35  Missile Turret  
  77  7:36  Missile Turret  
  77  7:38  Refinery  
  77  7:43  Missile Turret  
  77  7:51  Supply Depot  
  77  7:53  Supply Depot, Missile Turret  
  77  7:56  Supply Depot  
  77  7:58  Barracks Reactor x2  
  77  7:59  Supply Depot  
  77  8:10  Marine x2, Siege Tank, SCV x2  
  85  8:13  SCV  
  85  8:18  Engineering Bay  
  85  8:19  Armory  
  85  8:22  SCV x2  
  85  8:24  Factory  
  85  8:25  SCV  
  85  8:26  Barracks Reactor  
  85  8:27  Medivac x2  
  90  8:33  Refinery  
  92  8:34  SCV x2  
  92  8:36  Supply Depot x2  
  92  8:37  SCV  
  92  8:39  Supply Depot  
  92  8:40  Supply Depot x2  
  95  8:41  Marine  
  95  8:42  Marine x3, Siege Tank  
  95  8:47  SCV x2  
  95  8:48  Missile Turret  
  104  8:51  Sensor Tower  
  104  8:52  SCV  
  104  8:54  Marine  
  104  8:55  Marine  
  106  8:56  Marine  
  106  8:59  SCV  
  106  9:00  Marine  
  108  9:04  Marine  
  108  9:06  Marine  
  108  9:07  Marine  
  108  9:08  Marine x2  
  113  9:10  Medivac  
  113  9:12  Marine  
  113  9:13  Marine  
  113  9:14  Marine, Siege Tank  
  121  9:17  Marine  
  121  9:19  Terran Infantry Armor Level 1  
  121  9:21  Terran Vehicle Weapons Level 1  
  121  9:22  SCV  
  123  9:24  Marine x2  
  123  9:26  Siege Tank  
  123  9:28  Medivac  
  123  9:30  Terran Infantry Weapons Level 2  
  130  9:32  Marine x2  
  130  9:33  Marine  
  130  9:34  Marine  
  134  9:39  Sensor Tower  
  134  9:41  Marine x3  
  134  9:42  Marine x2, Medivac  
  141  9:52  Command Center  
  141  9:54  Marine x3  
  141  9:59  Supply Depot x2  
  145  10:03  Supply Depot, Marine  
  145  10:05  Supply Depot, Siege Tank  
  148  10:08  Siege Tank  
  151  10:14  Medivac x2  
  151  10:15  Marine x2  
  151  10:21  Marine x2  
  159  10:23  Supply Depot  
  159  10:24  Supply Depot, Marine x4  
  159  10:25  Marine  
  164  10:33  Marine x2  
  166  10:38  Marine  
  167  10:44  Medivac x2  
  167  10:48  Marine x3  
  174  10:50  Siege Tank x2  
  176  10:59  Marine  
  176  11:00  Marine x5  
  182  11:05  Marine  
  182  11:06  Marine  
  184  11:14  Medivac x2  
  154  11:21  Marine x7  
  154  11:22  Siege Tank x2  
  154  11:23  Marine  
  154  11:24  Marine  
  136  11:38  Marine  
  136  11:39  Marine x6  
  143  11:41  Marine  
  144  11:48  Marine  
  148  11:54  Siege Tank  
  148  11:56  Marine  
  148  11:57  Marine x6  
  148  11:59  Marine  
  148  12:01  Siege Tank  
  159  12:05  Marine, Medivac  
  159  12:06  Medivac  
  164  12:14  Marine  
  164  12:15  Marine x4  
  169  12:24  Marine x2  
  169  12:26  Siege Tank  
  174  12:33  Siege Tank  
Show
View Real Time Build Order
Export as new Build Order

Miszu Terran - Winner!

Build Orders: Bio Tank 

Get SALT Encoding   

  12  0:00  SCV  
  13  0:13  SCV  
  14  0:17  Supply Depot  
  14  0:25  SCV  
  15  0:39  SCV  
  15  0:41  Barracks  
  16  0:45  Refinery  
  16  0:51  SCV  
  17  1:03  SCV  
  18  1:15  SCV  
  19  1:28  Orbital Command  
  19  1:30  Barracks Reactor  
  19  1:42  Command Center  
  19  1:48  Supply Depot  
  19  1:53  SCV  
  20  2:05  Factory  
  20  2:08  Marine x2  
  21  2:10  SCV  
  21  2:15  Refinery  
  24  2:22  SCV  
  24  2:29  Marine  
  25  2:30  Marine  
  25  2:33  Supply Depot  
  25  2:34  SCV  
  27  2:47  SCV  
  27  2:50  Starport, Factory Tech Lab  
  28  2:56  Orbital Command  
  28  3:00  SCV  
  28  3:03  Marine  
  28  3:05  Marine  
  31  3:12  SCV  
  32  3:24  Widow Mine, SCV  
  32  3:25  SCV  
  30  3:27  Medivac  
  38  3:36  SCV  
  38  3:37  SCV  
  40  3:44  Marine x2  
  40  3:48  Supply Depot, SCV  
  43  3:49  SCV  
  44  4:00  SCV  
  44  4:01  SCV  
  46  4:03  Command Center  
  46  4:06  Siege Tank  
  46  4:07  Viking  
  51  4:11  Marine  
  51  4:12  SCV  
  51  4:14  Marine  
  54  4:17  SCV  
  55  4:24  SCV  
  55  4:26  Supply Depot  
  55  4:28  Marine  
  55  4:29  SCV  
  58  4:31  Marine  
  52  4:53  SCV  
  52  4:54  Marine  
  52  4:55  SCV  
  52  4:57  Marine  
  56  5:01  Barracks  
  56  5:02  Barracks  
  56  5:05  SCV  
  57  5:07  SCV  
  53  5:15  Orbital Command  
  53  5:17  SCV  
  53  5:19  SCV  
  54  5:23  Starport Reactor  
  54  5:24  Siege Tank  
  57  5:29  SCV  
  57  5:31  SCV  
  57  5:35  Marine  
  60  5:36  Marine  
  60  5:39  Refinery  
  60  5:41  SCV x2  
  63  5:43  SCV  
  63  5:48  Engineering Bay  
  63  5:49  Refinery  
  64  5:50  Engineering Bay  
  64  5:53  Marine, Barracks Tech Lab  
  64  5:54  Barracks Tech Lab, SCV  
  64  5:55  SCV  
  64  5:56  Orbital Command  
  64  5:57  Marine  
  67  6:01  Barracks  
  67  6:02  Barracks  
  67  6:03  Medivac  
  68  6:06  SCV  
  68  6:07  SCV  
  70  6:14  Medivac  
  70  6:17  Combat Shields  
  70  6:18  Marine, Stimpack, SCV  
  73  6:19  SCV  
  73  6:23  Terran Infantry Weapons Level 1, Terran Infantry Armor Level 1  
  75  6:26  Marine  
  75  6:29  Siege Tank  
  75  6:30  SCV x2  
  75  6:31  SCV  
  82  6:42  SCV x2  
  82  6:45  SCV  
  85  6:50  Marine x2  
  85  6:54  Barracks Reactor x2  
  85  6:55  Supply Depot  
  85  6:57  Supply Depot  
  85  6:58  Supply Depot  
  85  6:59  Supply Depot  
  85  7:00  Supply Depot  
  79  7:16  Marine  
  79  7:17  SCV x2  
  79  7:18  Marine x2  
  79  7:20  Medivac x2  
  79  7:21  SCV  
  87  7:24  Marine  
  87  7:29  SCV x2  
  90  7:31  Sensor Tower, Armory  
  90  7:34  SCV  
  90  7:35  Marine x2  
  90  7:36  Marine, Siege Tank  
  97  7:37  Marine  
  97  7:41  SCV x2  
  97  7:43  Supply Depot  
  100  7:44  Marine x2  
  100  7:46  SCV  
  100  7:50  Medivac x2  
  107  7:53  SCV x2  
  107  7:57  Marine x3  
  107  7:58  Marine, SCV  
  114  8:02  Refinery  
  114  8:03  Refinery  
  114  8:08  Sensor Tower  
  114  8:11  Supply Depot  
  114  8:12  Marine x2  
  115  8:13  Supply Depot  
  115  8:15  Supply Depot  
  115  8:16  Marine  
  115  8:18  Siege Tank  
  120  8:22  Factory  
  120  8:30  Marine x4  
  120  8:31  Marine  
  120  8:33  Marine x2, Medivac  
  120  8:34  Marine  
  130  8:48  Marine x3  
  131  8:49  Marine x2  
  131  8:50  Marine, Medivac  
  131  8:52  Supply Depot  
  131  8:53  Supply Depot x2, Marine  
  131  8:54  Marine  
  140  9:11  Siege Tank  
  140  9:12  Factory Tech Lab  
  143  9:19  Marine x8  
  143  9:20  Medivac x2  
  143  9:22  Terran Infantry Armor Level 2, Terran Infantry Weapons Level 2  
  155  9:26  Terran Vehicle Weapons Level 1  
  155  9:27  Missile Turret  
  155  9:30  Missile Turret  
  155  9:32  Missile Turret x2  
  155  9:33  Missile Turret  
  155  9:34  Siege Tank, Missile Turret  
  158  9:44  Supply Depot  
  158  9:49  Command Center  
  158  9:52  Siege Tank  
  161  10:06  Siege Tank  
  164  10:11  Supply Depot  
  164  10:12  Supply Depot  
  164  10:19  Barracks  
  164  10:21  Barracks  
  164  10:22  Barracks  
  164  10:24  Siege Tank  
  167  10:30  Medivac x2  
  171  10:38  Supply Depot, Siege Tank  
  171  10:56  Siege Tank  
  174  11:00  Medivac  
  176  11:10  Siege Tank  
  147  11:28  Marine  
  147  11:29  Marine x10  
  147  11:30  Medivac x2  
  162  11:44  Siege Tank  
  162  11:46  Marine  
  162  11:47  Marine x9, Reaper  
  170  11:57  Siege Tank  
  170  12:01  Planetary Fortress  
  173  12:04  Marine x6  
  173  12:05  Marine x2  
  181  12:12  Marine x2  
  183  12:16  Refinery  
  183  12:19  Marine  
  183  12:21  Refinery  
  183  12:39  Barracks Reactor x2  
  183  12:48  Barracks Reactor  
Tags
 
Add a new tag
Caveats
  • Supply blocks, unpowered buildings, or Contaminate may cause inaccurate times.
  • Supply counts are checked every 10 seconds.